MWL (24 & UNDER)
MANHATTEN MEATHEADS @ LITTLE ROCK LEMMIWINKS
08/20/2029
 
TOP OF THE 1ST
Manhatten Meatheads batting - Pitching for Little Rock Lemmiwinks : RHP Brian Harvey
Pitching: RHP Brian Harvey
Batting: RHB Ramiro Santana 0-0: Called Strike
0-1: Ground out 6-3 (Groundball, 6)
Batting: RHB Luis Reynoso 0-0: Swinging Strike
0-1: Ball
1-1: SINGLE (Flyball, 78S)
Batting: LHB Miguel Pérez 0-0: Ball
1-0: Called Strike
1-1: Ball
2-1: Called Strike
2-2: Ball
3-2: SINGLE (Flyball, 89S)
Luis Reynoso to second
Luis Reynoso to third
Batting: RHB James Morris 0-0: Called Strike
0-1: Ball
1-1: Foul Ball, location: 2F
1-2: Foul Ball, location: 2F
1-2: Ball
2-2: Grounds into double play, 5-4-3 (Groundball, 56)
Top of the 1st over - 0 runs, 2 hits, 0 errors, 1 left on base; Manhatten 0 - Little Rock 0
BOTTOM OF THE 1ST
Little Rock Lemmiwinks batting - Pitching for Manhatten Meatheads : RHP Ricardo Montero
Pitching: RHP Ricardo Montero
Batting: RHB Álex Martínez 0-0: Ground out 5-3 (Groundball, 56)
Batting: RHB Roberto Valdéz 0-0: Swinging Strike
0-1: Ball
1-1: Ground out 6-3 (Groundball, 6M)
Batting: LHB Stanley Smith 0-0: Called Strike
0-1: Foul Ball, location: 2F
0-2: Strikes out swinging
Bottom of the 1st over - 0 runs, 0 hits, 0 errors, 0 left on base; Manhatten 0 - Little Rock 0
TOP OF THE 2ND
Manhatten Meatheads batting - Pitching for Little Rock Lemmiwinks : RHP Brian Harvey
Batting: LHB Brent Haynes 0-0: Ground out 6-3 (Groundball, 6S)
Batting: RHB Rudy Boyd 0-0: Called Strike
0-1: Reached on error, E3 (Groundball, 2R)
Batting: SHB Manuel Díaz 0-0: Called Strike
Rudy Boyd steals 2nd base
0-1: Ball
Rudy Boyd steals 3rd base
1-1: Swinging Strike
1-2: Ball
2-2: Ball
3-2: Strikes out looking
Batting: RHB Santiago Díaz 0-0: Ground out 5-3 (Groundball, 56)
Top of the 2nd over - 0 runs, 0 hits, 1 error, 1 left on base; Manhatten 0 - Little Rock 0
BOTTOM OF THE 2ND
Little Rock Lemmiwinks batting - Pitching for Manhatten Meatheads : RHP Ricardo Montero
Batting: LHB Greg MacCanish 0-0: Called Strike
0-1: Foul Ball, location: 2F
0-2: Ball
1-2: Ball
2-2: SINGLE (Groundball, 4D)
Batting: LHB Lorenzo Féliz 0-0: Ball
1-0: Foul Ball, location: 2F
1-1: Ball
2-1: Swinging Strike
2-2: Foul Ball, location: 2F
2-2: Strikes out swinging
Batting: LHB Horace Kramer 0-0: Ball
1-0: Called Strike
1-1: Called Strike
1-2: Strikes out swinging
Batting: LHB Manny Robles 0-0: Called Strike
0-1: Ball
1-1: Fly out, F7 (Line Drive, 78D)
Bottom of the 2nd over - 0 runs, 1 hit, 0 errors, 1 left on base; Manhatten 0 - Little Rock 0
TOP OF THE 3RD
Manhatten Meatheads batting - Pitching for Little Rock Lemmiwinks : RHP Brian Harvey
Batting: RHB Ricardo Medina 0-0: Called Strike
0-1: Ball
1-1: SINGLE (Groundball, 6MD)
Batting: RHB Ramiro Santana 0-0: Ball
Ricardo Medina steals 2nd base
1-0: Ball
2-0: Ball
3-0: Called Strike
3-1: SINGLE (Line Drive, 6M)
Ricardo Medina to third
Batting: RHB Luis Reynoso 0-0: Ball
1-0: Called Strike
1-1: Ball
2-1: Ball
3-1: Called Strike
3-2: Foul Ball, location: 2F
3-2: SINGLE (Line Drive, 56)
Ricardo Medina scores
Ramiro Santana to second
Batting: LHB Miguel Pérez 0-0: Called Strike
0-1: Swinging Strike
0-2: Ball
1-2: Strikes out swinging
Batting: RHB James Morris 0-0: Ball
1-0: Ball
2-0: Ball
3-0: Base on Balls
Ramiro Santana to third
Luis Reynoso to second
Batting: LHB Brent Haynes 0-0: Ball
1-0: Foul Ball, location: 2F
1-1: Foul Ball, location: 2F
1-2: Ball
2-2: Fly out, F8 (Line Drive, 8RM)
Runner from 3rd tags up, SCORES, no throw
Batting: RHB Rudy Boyd 0-0: Ball
1-0: Ball
2-0: Fly out, F9 (Line Drive, 9D)
Top of the 3rd over - 2 runs, 3 hits, 0 errors, 2 left on base; Manhatten 2 - Little Rock 0
BOTTOM OF THE 3RD
Little Rock Lemmiwinks batting - Pitching for Manhatten Meatheads : RHP Ricardo Montero
Batting: RHB Norberto Gallardo 0-0: Called Strike
0-1: Foul Ball, location: 2F
0-2: Strikes out swinging
Batting: LHB Cisco Salazar 0-0: Fly out, F8 (Flyball, 8LM)
Batting: RHB Álex Martínez 0-0: Swinging Strike
0-1: Ground out 6-3 (Groundball, 6)
Bottom of the 3rd over - 0 runs, 0 hits, 0 errors, 0 left on base; Manhatten 2 - Little Rock 0
TOP OF THE 4TH
Manhatten Meatheads batting - Pitching for Little Rock Lemmiwinks : RHP Brian Harvey
Batting: SHB Manuel Díaz 0-0: Swinging Strike
0-1: Ball
1-1: SINGLE (Line Drive, 8RS)
Batting: RHB Santiago Díaz 0-0: Ball
Manuel Díaz is caught stealing 2nd base
1-0: Called Strike
1-1: Ball
2-1: Ball
3-1: Swinging Strike
3-2: Base on Balls
Batting: RHB Ricardo Medina 0-0: Called Strike
0-1: Ball
1-1: Ball
2-1: Fly out, F8 (Flyball, 8RS)
Batting: RHB Ramiro Santana 0-0: Called Strike
0-1: Called Strike
0-2: Ball
Santiago Díaz steals 2nd base
1-2: SINGLE (Groundball, 6) (infield hit)
Santiago Díaz to third
Batting: RHB Luis Reynoso 0-0: Ball
Wild Pitch!
Santiago Díaz scores
Ramiro Santana to second
1-0: Ball
2-0: Ball
3-0: Swinging Strike
3-1: Base on Balls
Batting: LHB Miguel Pérez 0-0: Ball
1-0: Ball
2-0: Ball
3-0: Base on Balls
Ramiro Santana to third
Luis Reynoso to second
Pitching: RHP Lorenzo Fernández
Batting: RHB James Morris 0-0: Ball
1-0: Fielders Choice at 2nd, 6-4 (Groundball, 6)
Top of the 4th over - 1 run, 2 hits, 0 errors, 3 left on base; Manhatten 3 - Little Rock 0
BOTTOM OF THE 4TH
Little Rock Lemmiwinks batting - Pitching for Manhatten Meatheads : RHP Ricardo Montero
Batting: RHB Roberto Valdéz 0-0: Called Strike
0-1: Ball
1-1: Foul Ball, location: 2F
1-2: Ball
2-2: Fly out, F8 (Flyball, 8LXD)
Batting: LHB Stanley Smith 0-0: Called Strike
0-1: Ball
1-1: Swinging Strike
1-2: Ball
2-2: SOLO HOME RUN (Flyball, 7LD), Distance : 347 ft
Batting: LHB Greg MacCanish 0-0: Ball
1-0: Swinging Strike
1-1: Foul Ball, location: 2F
1-2: Ball
2-2: Fly out, F9 (Flyball, 9D)
Batting: LHB Lorenzo Féliz 0-0: Called Strike
0-1: Swinging Strike
0-2: Ball
1-2: Foul Ball, location: 2F
1-2: Ball
2-2: Foul Ball, location: 2F
2-2: Ball
3-2: Strikes out looking
Bottom of the 4th over - 1 run, 1 hit, 0 errors, 0 left on base; Manhatten 3 - Little Rock 1
TOP OF THE 5TH
Manhatten Meatheads batting - Pitching for Little Rock Lemmiwinks : RHP Lorenzo Fernández
Batting: LHB Brent Haynes 0-0: Ball
1-0: Ball
2-0: Foul Ball, location: 2F
2-1: Foul Ball, location: 2F
2-2: Foul Ball, location: 2F
2-2: Ball
3-2: Fly out, F9 (Flyball, 9LS)
Batting: RHB Rudy Boyd 0-0: Called Strike
0-1: Swinging Strike
0-2: Ball
1-2: Strikes out swinging
Batting: SHB Manuel Díaz 0-0: Ball
1-0: Called Strike
1-1: Foul Ball, location: 2F
1-2: SINGLE (Groundball, 56D)
Batting: RHB Santiago Díaz 0-0: Foul Ball, location: 2F
0-1: Fly out, F1 (Line Drive, 13)
Top of the 5th over - 0 runs, 1 hit, 0 errors, 1 left on base; Manhatten 3 - Little Rock 1
BOTTOM OF THE 5TH
Little Rock Lemmiwinks batting - Pitching for Manhatten Meatheads : RHP Ricardo Montero
Batting: LHB Horace Kramer 0-0: Ball
1-0: Ground out U3 (Groundball, 3)
Batting: LHB Manny Robles 0-0: Ball
1-0: Called Strike
1-1: Foul Ball, location: 2F
1-2: Foul Ball, location: 2F
1-2: Strikes out looking
Batting: RHB Norberto Gallardo 0-0: Ball
1-0: Ball
2-0: Called Strike
2-1: Ground out 5-3 (Groundball, 5)
Bottom of the 5th over - 0 runs, 0 hits, 0 errors, 0 left on base; Manhatten 3 - Little Rock 1
TOP OF THE 6TH
Manhatten Meatheads batting - Pitching for Little Rock Lemmiwinks : RHP Lorenzo Fernández
Batting: RHB Ricardo Medina 0-0: Fly out, F3 (Popup, 3F)
Batting: RHB Ramiro Santana 0-0: Called Strike
0-1: Foul Ball, location: 2F
0-2: Strikes out swinging
Batting: RHB Luis Reynoso 0-0: Fly out, F8 (Line Drive, 89D)
Top of the 6th over - 0 runs, 0 hits, 0 errors, 0 left on base; Manhatten 3 - Little Rock 1
BOTTOM OF THE 6TH
Little Rock Lemmiwinks batting - Pitching for Manhatten Meatheads : RHP Ricardo Montero
Batting: LHB Cisco Salazar 0-0: Ball
1-0: Foul Ball, location: 2F
1-1: Ball
2-1: Ground out 4-3 (Groundball, 4)
Batting: RHB Álex Martínez 0-0: Called Strike
0-1: Foul Ball, location: 2F
0-2: Foul Ball, location: 2F
0-2: Foul Ball, location: 2F
0-2: Ball
1-2: Ground out 6-3 (Groundball, 6M)
Batting: RHB Roberto Valdéz 0-0: Ball
1-0: Foul Ball, location: 2F
1-1: Fly out, F8 (Flyball, 8LD)
Bottom of the 6th over - 0 runs, 0 hits, 0 errors, 0 left on base; Manhatten 3 - Little Rock 1
TOP OF THE 7TH
Manhatten Meatheads batting - Pitching for Little Rock Lemmiwinks : RHP Lorenzo Fernández
Batting: LHB Miguel Pérez 0-0: Foul Ball, location: 2F
0-1: Foul Ball, location: 2F
0-2: Strikes out swinging
Batting: RHB James Morris 0-0: Called Strike
0-1: Fly out, F8 (Line Drive, 8LM)
Batting: LHB Brent Haynes 0-0: Foul Ball, location: 2F
0-1: Ball
1-1: Ball
2-1: Foul Ball, location: 2F
2-2: Foul Ball, location: 2F
2-2: Ground out 1-3 (Groundball, P)
Top of the 7th over - 0 runs, 0 hits, 0 errors, 0 left on base; Manhatten 3 - Little Rock 1
BOTTOM OF THE 7TH
Little Rock Lemmiwinks batting - Pitching for Manhatten Meatheads : RHP Ricardo Montero
Batting: LHB Stanley Smith 0-0: Swinging Strike
0-1: Foul Ball, location: 2F
0-2: Strikes out swinging
Batting: LHB Greg MacCanish 0-0: SINGLE (Line Drive, 4M)
Batting: LHB Lorenzo Féliz 0-0: Called Strike
0-1: Ball
1-1: Ball
2-1: Swinging Strike
2-2: Ball
Wild Pitch!
Greg MacCanish to second
3-2: SINGLE (Flyball, 8LS)
Greg MacCanish to third
Pitching: RHP Bill Bowen
Batting: LHB Horace Kramer 0-0: Called Strike
0-1: Foul Ball, location: 2F
0-2: Strikes out swinging
Pinch Hitting: LHB Pedro Escobar 0-0: Ball
1-0: Called Strike
1-1: Swinging Strike
1-2: Ball
2-2: TRIPLE (Groundball, 3L)
Greg MacCanish scores
Lorenzo Féliz scores
Pinch Hitting: RHB Germán Vargas 0-0: Called Strike
0-1: Ball
1-1: Ball
2-1: Foul Ball, location: 2F
2-2: Foul Ball, location: 2F
2-2: Strikes out swinging
Bottom of the 7th over - 2 runs, 3 hits, 0 errors, 1 left on base; Manhatten 3 - Little Rock 3
TOP OF THE 8TH
Manhatten Meatheads batting - Pitching for Little Rock Lemmiwinks : RHP Lorenzo Fernández
Now at 2B: Palmer Frazier
Now in LF: Germán Vargas
Pinch Hitting: LHB Wayne Rogers 0-0: Called Strike
0-1: Ball
1-1: Ball
2-1: Foul Ball, location: 2F
2-2: Ball
3-2: Strikes out looking
Batting: SHB Manuel Díaz 0-0: Called Strike
0-1: Called Strike
0-2: Ball
1-2: Ground out 6-3 (Groundball, 6)
Pinch Hitting: RHB George Green 0-0: Ball
1-0: Ball
2-0: Called Strike
2-1: Ball
3-1: Base on Balls
Pinch Hitting: RHB Manny Velásquez 0-0: Ball
1-0: Called Strike
1-1: Foul Ball, location: 2F
1-2: Strikes out swinging
Top of the 8th over - 0 runs, 0 hits, 0 errors, 1 left on base; Manhatten 3 - Little Rock 3
BOTTOM OF THE 8TH
Little Rock Lemmiwinks batting - Pitching for Manhatten Meatheads : RHP Bill Bowen
Now at 3B: George Green
Now at SS: Eric Dillard
Now in CF: Wayne Rogers
Pinch Hitting: LHB Pablo Alvarado 0-0: Called Strike
0-1: Ground out 6-3 (Groundball, 6)
Batting: RHB Álex Martínez 0-0: Called Strike
0-1: Foul Ball, location: 2F
0-2: Strikes out swinging
Batting: RHB Roberto Valdéz 0-0: Foul Ball, location: 2F
0-1: Ball
1-1: Ground out 5-3 (Groundball, 56)
Bottom of the 8th over - 0 runs, 0 hits, 0 errors, 0 left on base; Manhatten 3 - Little Rock 3
TOP OF THE 9TH
Manhatten Meatheads batting - Pitching for Little Rock Lemmiwinks : RHP Lorenzo Fernández
Pitching: RHP Myron Allison
Now in CF: Francisco Gonzáles
Batting: RHB Ramiro Santana 0-0: Called Strike
0-1: Ball
1-1: Called Strike
1-2: Ball
2-2: Ball
3-2: Foul Ball, location: 2F
3-2: Foul Ball, location: 2F
3-2: Base on Balls
Batting: RHB Luis Reynoso 0-0: Called Strike
0-1: Ball
1-1: Grounds into double play, 4-6-3 (Groundball, 4)
Batting: LHB Miguel Pérez 0-0: Called Strike
0-1: Ball
1-1: Ball
2-1: Foul Ball, location: 2F
2-2: Strikes out swinging
Top of the 9th over - 0 runs, 0 hits, 0 errors, 0 left on base; Manhatten 3 - Little Rock 3
BOTTOM OF THE 9TH
Little Rock Lemmiwinks batting - Pitching for Manhatten Meatheads : RHP Bill Bowen
Batting: LHB Stanley Smith 0-0: Ball
1-0: Ball
2-0: SOLO HOME RUN (Flyball, 9LD), Distance : 370 ft
Saturday, December 16th, 2017 - OOTP Baseball 18.8 Build 76